 Dungeon Crawl Stone Soup version 0.25.1-3-ge44b62a0b3 (webtiles) character file.

Game seed: 1864523442082760730

49 BisteBaff the Poker (level 3, 0/29 HPs)
             Began as a Merfolk Gladiator on Nov 20, 2020.
             Slain by a kobold (3 damage)
             ... on level 2 of the Dungeon.
             The game lasted 00:11:47 (1103 turns).

BisteBaff the Poker (Merfolk Gladiator)             Turns: 1103, Time: 00:11:48

Health: 0/29       AC:  4    Str: 15    XL:     3   Next: 77%
Magic:  3/3        EV: 14    Int:  7    God:
Gold:   83         SH:  0    Dex: 15    Spells: 2/2 levels left

rFire    . . .     SeeInvis .   a - +0 trident
rCold    . . .     Gourm    .   (no shield)
rNeg     . . .     Faith    .   b - +0 leather armour
rPois    .         Spirit   .   c - +0 helmet
rElec    .         Reflect  .   (no cloak)
rCorr    .         Harm     .   (no gloves)
MR       .....                  (no boots)
Stlth    +.........             (no amulet)
HPRegen  0.09/turn              (no ring)
MPRegen  0.08/turn              (no ring)

@: mighty, lethally poisoned (0 -> -5)
A: change form in water, swift swim, stealthy swim
a: no special abilities


You were on level 2 of the Dungeon.
You were not hungry.

You visited 1 branch of the dungeon, and saw 3 of its levels.

You collected 83 gold pieces.

Inventory:

Hand Weapons
 a - a +0 trident (weapon)
 g - a +0 dagger
 l - a +0 club
 m - a +0 dagger
 q - a +0 hunting sling
 r - a +0 mace
Missiles
 d - 3 throwing nets (quivered)
 i - 57 stones
 p - 23 sling bullets
Armour
 b - a +0 leather armour (worn)
 c - a +0 helmet (worn)
 n - a cursed +0 robe
 o - a +0 robe
Jewellery
 v - an uncursed ring of protection from cold {unknown}
Scrolls
 h - a scroll of fog {unknown}
 j - a scroll of fear {unknown}
 s - a scroll of enchant weapon {unknown}
 t - 4 scrolls of identify {unknown}
 w - a scroll of enchant armour {unknown}
Potions
 k - 2 potions of brilliance {unknown}
 z - a potion of heal wounds {unknown}
Comestibles
 f - 3 rations


   Skills:
 + Level 3.0 Fighting
 + Level 5.3 Polearms
 + Level 2.1 Throwing
 + Level 0.4 Armour
 + Level 4.4 Dodging


You had 2 spell levels left.
You didn't know any spells.
Your spell library was empty.

Dungeon Overview and Level Annotations

Branches:
Dungeon (3/15)

Altars:


Message History

You miss the adder. The adder misses you.
The hobgoblin hits you with a +0 club. The kobold misses you.
The adder bites you.
* * * LOW HITPOINT WARNING * * *
The goblin hits you but does no damage.
You hit the adder.
The adder is moderately wounded.
The hobgoblin hits you with a +0 club.
* * * LOW HITPOINT WARNING * * *
The adder bites you.
* * * LOW HITPOINT WARNING * * *
You are lethally poisoned!
The adder poisons you! The kobold barely misses you.
The goblin completely misses you.
It was a potion of might.
You feel very mighty all of a sudden.
* * * LOW HITPOINT WARNING * * *
You feel sick. The adder barely misses you. The hobgoblin closely misses you.
The kobold hits you.
You die...

#.# #. ######.# #.
#......## #. . ... ...#
#. ...#.###.###### #.
......(....(..########.
..#.(...............
#S#((###........##
#@#(##########...#
#...Kgg.# #......>....
#...#.#.# #.######...#
#........... ##.##
......####### #.#
###.## #.# #. ... # #..
###.


You could see an adder, a hobgoblin, a goblin and a kobold.

Vanquished Creatures
  2 adders (D:2)
  2 oozes (D:1)
  A leopard gecko (D:1)
  2 giant cockroaches (D:1)
  3 goblins
  A hobgoblin (D:1)
  2 jackals (D:1)
  6 kobolds (D:1)
  A bat (D:2)
  A frilled lizard (D:1)
  A rat (D:1)
22 creatures vanquished.

Notes
Turn   | Place    | Note
-------+----------+-------------------------------------------
     0 | D:1      | BisteBaff the Merfolk Gladiator began the quest for the
                  | Orb.
     0 | D:1      | Reached XP level 1. HP: 16/16 MP: 1/1
    73 | D:1      | Reached XP level 2. HP: 18/23 MP: 2/2
   378 | D:1      | Reached XP level 3. HP: 28/28 MP: 3/3
   384 | D:1      | Reached skill level 5 in Polearms
  1103 | D:2      | Slain by a kobold

Illustrated notes

Levels and vault maps discovered:
D:1:      dpeg_arrival_arbitrary_b, layout_basic
D:2:      layout_loops_ring, first_ration
D:3:      layout_loops_corners, overflow_temple_1_default, marbit_many_paths,
          uniq_natasha, uniq_jessica, uniq_grinder

Skill      XL: |  1  2  3 |
---------------+----------+-----
Polearms       | 5 |  5.3
Fighting       | 3 |  3.0
Throwing       | |  2.1
Armour         | |  0.4
Dodging        | |  4.4

Action                   || total
-------------------------++-------
Melee: Trident           ||    71
  Use: Potion            ||     3
  Eat: Ration            ||     1
Armor: Leather armour    ||    20
Dodge: Dodged            ||    59
